 Dungeon Crawl Stone Soup version 0.32-a0-120-gfac0567ad4 (webtiles) character file.

Game seed: 1617432024354276370

3865 lunkers the Cruncher (level 10, -10/107 HPs)
             Began as an Oni Gladiator on Feb 6, 2024.
             Was a Follower of Ru.
             Mangled by a two-headed ogre
             ... wielding a +0 giant club
              (16 damage)
             ... on level 8 of the Dungeon.
             The game lasted 00:09:30 (7530 turns).

lunkers the Cruncher (Oni Gladiator)                Turns: 7530, Time: 00:09:31

Health: -10/107    AC: 11    Str: 24    XL:     10   Next: 19%
Magic:  10/10      EV:  9    Int:  9    God:    Ru [*.....]
Gold:   399        SH:  0    Dex: 10    Spells: 9/9 levels left

rFire   + . .        a - +7 lajatang "Poizes" {drain, rPois}
rCold   + + .        (shield currently unavailable)
rNeg    . . .        K - +0 swamp dragon scales
rPois   +            o - +2 hat
rElec   +            q - +0 cloak
rCorr   +            (gloves unavailable)
SInv    .            (boots unavailable)
Will    .....        (no amulet) Stlth
                     s - ring of resist corrosion
HPRegen 0.37/turn    u - ring of protection from cold
MPRegen 0.12/turn

%: no passive effects
@: resistant, weak-willed
A: large, unfitting armour, horns 1, tough skin 1, no conjurations magic, no ice
magic, no alchemy magic, double potion healing, drunken brawling
a: Renounce Religion


You were on level 8 of the Dungeon.
You worshipped Ru.
Ru was aware of your devotion.
You visited 1 branch of the dungeon, and saw 8 of its levels.

You collected 399 gold pieces.

Inventory:

Hand Weapons
 a - the +7 lajatang "Poizes" (weapon) {drain, rPois}
   (You acquired it on level 2 of the Dungeon)

   rPois:     It protects you from poison
 i - a +1 heavy trident
Missiles
 d - 4 throwing nets
 e - a large rock
 j - 8 boomerangs
 l - 9 poisoned darts
 m - 72 stones
 I - 2 javelins
 J - 3 curare-tipped darts
Armour
 k - +0 steam dragon scales
 o - a +2 hat (worn)
 q - a +0 cloak (worn)
 K - +0 swamp dragon scales (worn)
Jewellery
 s - a ring of resist corrosion (left hand)
 u - a ring of protection from cold (right hand)
 v - a +6 ring of intelligence
Wands
 w - a wand of flame (38)
 y - a wand of mindburst (11)
Scrolls
 b - 2 scrolls of fear
 r - 11 scrolls of identify
 t - a scroll of teleportation
 x - a scroll of noise
 D - a scroll of enchant weapon
 E - a scroll of fog {unknown}
 L - a scroll of poison {unknown}
 M - a scroll of acquirement
Potions
 c - a potion of ambrosia
 f - 2 potions of degeneration {unknown}
 g - 2 potions of invisibility {unknown}
 h - 3 potions of curing {unknown}
 p - 3 potions of magic {unknown}
 z - a potion of heal wounds {unknown}
 A - a potion of resistance {unknown}
 B - a potion of cancellation {unknown}
 C - 2 potions of mutation {unknown}
 F - a potion of attraction {unknown}
 G - a potion of might {unknown}
 H - 2 potions of lignification {unknown}


   Skills:
 + Level 9.1 Fighting
 - Level 5.0(9.2) Polearms
 * Level 12.0(12.4) Staves
 - Level 2.0 Throwing
 - Level 2.6 Dodging


You had 9 spell levels left.
You didn't know any spells.
Your spell library contained the following spells:

 Spells                   Type           Power      Damage    Failure   Level
 Inner Flame              Hex/Fire       0%         N/A       88%         3
 Dispel Undead            Necr           0%         3d6       99%         4
 Martyr's Knell           Necr/Summ      0%         N/A       99%         4
 Curse of Agony           Necr           0%         N/A       100%        5
 Silence                  Hex/Air        0%         N/A       100%        5
 Death Channel            Necr           0%         N/A       100%        6
 Ignition                 Fire           0%         3d3       100%        8
 Freeze                   Ice            Unusable   1d3       N/A         1
 Magic Dart               Conj           Unusable   1d3       N/A         1
 Cigotuvi's Dreadful Rot  Necr/Alch/Air  Unusable   N/A       N/A         2
 Dazzling Flash           Conj/Hex       Unusable   N/A       N/A         3
 Frozen Ramparts          Ice            Unusable   1d1       N/A         3
 Hailstorm                Conj/Ice       Unusable   3d5       N/A         3
 Mephitic Cloud           Conj/Alch/Air  Unusable   N/A       N/A         3
 Summon Ice Beast         Ice/Summ       Unusable   N/A       N/A         3
 Irradiate                Conj/Alch      Unusable   3d11      N/A         5
 Sculpt Simulacrum        Ice/Alch       Unusable   N/A       N/A         6

Dungeon Overview and Level Annotations

Branches:
Dungeon (8/15)             Temple (0/1) D:5            Lair (0/5) D:8

Altars:
Elyvilon
Kikubaaqudgha
Makhleb
Okawaru
Qazlal
Ru
Sif Muna
Trog
Vehumet
Wu Jian
Xom

Shops:
D:6 (*

Annotations:
D:8 hattop's ghost, novice FeSu


Innate Abilities, Weirdness & Mutations

You are too large for most types of armour.
You have a pair of small horns on your head.
You have tough skin. (AC +1)
You cannot study or cast Conjurations magic.
You cannot study or cast Ice magic.
You cannot study or cast Alchemy magic.
You gain doubled healing and magic from potions.
Whenever you drink a healing potion, you attack all around you.


Message History

* * * LOW HITPOINT WARNING * * *
The quokka bites you.
* * * LOW HITPOINT WARNING * * *
Hattop's ghost begins to cast a spell, but is stunned by your conviction!
The +2 trident of chaos hits you from afar.
* * * LOW HITPOINT WARNING * * *
The rat attacks as it pursues you! The rat closely misses you.
The quokka bites you.
* * * LOW HITPOINT WARNING * * *
The +2 trident of chaos closely misses you.
Blink to where?
Press: ? - help, Dir - move target
As you read the scroll of blinking, it crumbles to dust.
The quokka attacks as it pursues you! The quokka bites you.
* * * LOW HITPOINT WARNING * * *
The quokka bites you but does no damage. x2
The quokka attacks as it pursues you!
The quokka bites you but does no damage.
As you read the scroll of teleportation, it crumbles to dust.
You feel strangely unstable. The quokka bites you.
* * * LOW HITPOINT WARNING * * *
Hattop's ghost casts a spell.
The quokka closely misses you. The quokka attacks as it pursues you!
The quokka bites you but does no damage.
Hattop's ghost whispers, "You will understand me better in a moment."
Hattop's ghost mumbles some strange words.
Your surroundings suddenly seem different.
A two-headed ogre comes into view. It is wielding two +0 giant clubs.
Found a scroll of blinking.
Okay, then.
Hit: a) +7 lajatang "Poizes" {drain, rPois}
Press: ? - help, Dir - move target, f - two-headed ogre
Aim: a two-headed ogre, wielding two +0 giant clubs (about 20% to evade the +7 lajatang "Poizes")
You slash the two-headed ogre! You drain the two-headed ogre.
You headbutt the two-headed ogre.
The two-headed ogre is moderately wounded.
The two-headed ogre hits you with a +0 giant club!
You die...
Ru respects your ultimate sacrifice.

.# .
##.
#..
#.#
#.#
#.#
#@#
#O#
#.#
.?#
.##
###
...#
..#
#..#
#.#
#..#
#.#
#..#
#.#
#..#
#.#


You could see a two-headed ogre (drained).

Vanquished Creatures
  Pikel (D:4)
  Maggie (D:8)
  Grinder (D:5)
  A wyvern (D:7)
  3 steam dragons
  2 water moccasins (D:7)
  5 ice beasts
  An orc warrior (D:6)
  2 sky beasts (D:7)
  An ogre (D:5)
  A centaur (D:6)
  2 bullfrogs
  A gnoll sergeant (D:8)
  4 scorpions
  A howler monkey (D:6)
  A bombardier beetle (D:6)
  3 hounds
  3 jellies
  Crazy Yiuf (D:5)
  2 orc priests
  A gnoll bouda (D:5)
  Terence (D:2)
  Ijyb (D:3)
  5 iguanas
  Natasha (thrice) (D:3)
  2 orc wizards
  Robin (D:3)
  7 gnolls
  4 adders
  3 white imps
  4 ufetubi
  A dart slug (D:2)
  A ribbon worm (D:4)
  9 orcs
  5 ball pythons (D:2)
  2 endoplasms
  14 goblins
  3 hobgoblins
  8 jackals
  5 kobolds
  6 quokkas
  4 bats
  2 frilled lizards
  4 rats
133 creatures vanquished.

Notes
Turn   | Place    | Note
-------+----------+-------------------------------------------
     0 | D:1      | lunkers the Oni Gladiator began the quest for the Orb.
     0 | D:1      | Reached XP level 1. HP: 22/22 MP: 1/1
   216 | D:1      | Reached XP level 2. HP: 27/29 MP: 2/2
   662 | D:2      | Reached XP level 3. HP: 33/36 MP: 3/3
  1274 | D:2      | Noticed Terence
  1286 | D:2      | Killed Terence
  1287 | D:2      | Reached XP level 4. HP: 26/44 MP: 4/4
  1536 | D:2      | Reached skill level 5 in Polearms
  1558 | D:2      | Identified a scroll of acquirement
  1558 | D:2      | Acquired the +7 lajatang "Poizes" {drain, rPois}
  1702 | D:3      | Noticed Natasha
  1708 | D:3      | Killed Natasha
  1709 | D:3      | Reached skill level 1 in Staves
  1783 | D:3      | Reached skill level 2 in Staves
  1784 | D:3      | Reached XP level 5. HP: 42/50 MP: 5/5
  1797 | D:3      | Identified the +2 helmet of a treasure trove {rElec rPois
                  | Int-3 Dex+3}
  1797 | D:3      | Noticed Robin
  1803 | D:3      | Killed Robin
  1876 | D:3      | Noticed Natasha
  1881 | D:3      | Killed Natasha
  1882 | D:3      | Reached skill level 3 in Staves
  1951 | D:3      | Noticed Natasha
  1955 | D:3      | Killed Natasha
  2170 | D:3      | Noticed Ijyb
  2174 | D:3      | Killed Ijyb
  2179 | D:3      | Reached XP level 6. HP: 57/59 MP: 6/6
  2614 | D:4      | Found a stormy altar of Qazlal.
  2638 | D:4      | Noticed Pikel
  2643 | D:4      | Killed Pikel
  2644 | D:4      | Reached skill level 6 in Staves
  2644 | D:4      | Reached XP level 7. HP: 48/66 MP: 7/7
  2646 | D:4      | Reached skill level 7 in Staves
  2839 | D:4      | Found a white marble altar of Elyvilon.
  2861 | D:4      | Reached XP level 8. HP: 74/74 MP: 8/8
  3102 | D:4      | Found a sacrificial altar of Ru.
  3704 | D:5      | Entered Level 5 of the Dungeon
  3732 | D:5      | Reached skill level 8 in Staves
  3977 | D:5      | Found a burning altar of Makhleb.
  4016 | D:5      | Noticed Grinder
  4025 | D:5      | Killed Grinder
  4119 | D:4      | Became a worshipper of Ru the Awakened
  4166 | D:5      | Reached skill level 5 in Fighting
  4214 | D:5      | Reached skill level 9 in Staves
  4344 | D:5      | Found a staircase to the Ecumenical Temple.
  4627 | D:5      | Found a runed translucent door.
  4628 | D:5      | Noticed Crazy Yiuf
  4927 | D:5      | Killed Crazy Yiuf
  4954 | D:6      | Found Geskism's Neck Hole.
  4959 | D:6      | Reached XP level 9. HP: 87/89 MP: 9/9
  5159 | D:6      | Reached skill level 10 in Staves
  5372 | D:6      | Found an iron altar of Okawaru.
  5496 | D:6      | Found a radiant altar of Vehumet.
  5499 | D:6      | Got Vehumet's Verses on Bolts
  5501 | D:6      | Found a shimmering blue altar of Sif Muna.
  5535 | D:6      | Found an ancient bone altar of Kikubaaqudgha.
  5712 | D:6      | Gained mutation: You cannot study or cast Ice magic. [Ru
                  | sacrifice]
  5712 | D:6      | Gained mutation: You cannot study or cast Alchemy magic.
                  | [Ru sacrifice]
  5712 | D:6      | Gained mutation: You cannot study or cast Conjurations
                  | magic. [Ru sacrifice]
  5712 | D:6      | Reached * piety under Ru
  5779 | D:6      | Found a bloodstained altar of Trog.
  6023 | D:6      | Found an ornate altar of the Wu Jian Council.
  6077 | D:6      | Found Ugodghys's Weapon Shoppe.
  6308 | D:7      | Reached skill level 11 in Staves
  6612 | D:7      | Reached XP level 10. HP: 99/106 MP: 10/10
  7169 | D:8      | Found a staircase to the Lair.
  7181 | D:8      | Noticed Maggie
  7189 | D:8      | Killed Maggie
  7216 | D:8      | Reached skill level 12 in Staves
  7498 | D:8      | Found a runed translucent door.
  7498 | D:8      | Found a shimmering altar of Xom.
  7498 | D:8      | Noticed hattop's ghost (novice FeSu)
  7498 | D:8      | Noticed a +2 trident of chaos
  7506 | D:8      | Noticed a lightning spire
  7517 | D:8      | HP: 4/107 [quokka[hattop's ghost] (4)]
  7525 | D:8      | HP: 5/107 [quokka[hattop's ghost] (2)]
  7528 | D:8      | Noticed a mana viper
  7529 | D:8      | Noticed a mana viper
  7529 | D:8      | Noticed a two-headed ogre
  7530 | D:8      | Mangled by a two-headed ogre

Illustrated notes

Levels and vault maps discovered:
D:1:      doesnt_arrival_eight_statues, layout_rooms
D:2:      layout_basic, uniq_terence
D:3:      layout_basic, uniq_ijyb, uniq_natasha, uniq_robin
D:4:      layout_basic, old_standard_altar, nicolae_qazlal_eye_of_the_storm,
          amcnicky_altar_gilded, lemuel_flame_loot_1, uniq_pikel
D:5:      layout_basic, mainiacjoe_overflow_chevrons, temple_hall,
          uniq_crazy_yiuf_cottage, uniq_grinder
D:6:      layout_basic, grunt_temple_overflow_magic_moments,
          trog_butcher_becter, old_standard_altar,
          nicolae_wu_jian_immortal_techniques, serial_shops,
          nicolae_shop_tiny_statue_garden, nicolae_shop_sticking_my_neck_out
D:7:      layout_basic
D:8:      layout_loops_ring, lair_entry_dummy, ebering_ghost_xom, uniq_amaemon,
          uniq_maggie, uniq_erica, uniq_maurice

Skill      XL: |  1  2  3  4  5  6  7  8  9 10 |
---------------+-------------------------------+-----
Polearms       | 4 5 |  5.0
Staves         | 2 3 6 7 9 11 12 | 12.0
Fighting       | 5 8 9 |  9.1
Throwing       | |  2.0
Dodging        | |  2.6

Action                     |  1- 3 |  4- 6 |  7- 9 | 10-12 || total
---------------------------+-------+-------+-------+-------++-------
  Melee: Trident           |   100 |     3 |       |       ||   103
         Punch             |     2 |       |       |       ||     2
         Headbutt          |     9 |     5 |    21 |     7 ||    42
         Lajatang          |       |    51 |   168 |    29 ||   248
 Invoke: Sacrifice Arcana  |       |       |     1 |       ||     1
    Use: Scroll            |       |     1 |    11 |     2 ||    14
   Stab: Sleeping          |     3 |       |     1 |       ||     4
 Armour: Robe              |    59 |    38 |    75 |       ||   172
         Steam dragon scal |       |       |    63 |     2 ||    65
         Swamp dragon scal |       |       |       |    41 ||    41
  Dodge: Dodged            |    43 |    26 |    59 |    21 ||   149

Table legend: (Time is in decaauts)
 A = Elapsed time spent in this place.
 B = Non-inter-level travel time spent in this place.
 C = Inter-level travel time spent in this place.
 D = Time resting spent in this place.
 E = Time spent auto-exploring this place.
 F = Levels seen in this place.
 G = Mean time per level.
                   A        B        C        D        E       F      G
               +--------+--------+--------+--------+--------+-----+--------+
         Total |   7531 |   7211 |    320 |    115 |   6131 |   8 |  941.4 |
       Dungeon |   7531 |   7211 |    320 |    115 |   6131 |   8 |  941.4 |
               +--------+--------+--------+--------+--------+-----+--------+

Top non-repeatable levels by time:
     D:6: 1285 daAuts
     D:4: 1277 daAuts
     D:5: 1158 daAuts
     D:2: 1119 daAuts
     D:3: 944 daAuts
     D:7: 876 daAuts
     D:1: 478 daAuts
     D:8: 391 daAuts
